[Event "Team 45 45 League T83"]
[Site "Internet Chess Club"]
[Date "2020.02.02"]
[Round "5"]
[White "CMAlge"]
[Black "Visin"]
[Result "1/2-1/2"]
[WhiteElo "1283"]
[BlackElo "1317"]
[Opening "Giuoco Piano"]
[ECO "C54"]
[Time "10:00:48"]
[TimeControl "2700+45"]

1. e4 e5 2. Nf3 Nc6 3. Bc4 Bc5 4. c3 Nf6 5. d4 exd4 6. cxd4 Bb4+ 7. Bd2 d6 8.
Bxb4 Nxb4 9. Bxf7+ Kxf7 10. Qb3+ Kf8 11. Qxb4 Nxe4 12. Nbd2 Nf6 13. O-O b6 14.
Qb3 h6 15. Rfe1 Bb7 16. Nh4 Bd5 17. Qd3 Bf7 18. Ng6+ Bxg6 19. Qxg6 Qd7 20. Re2
Re8 21. Rae1 Rxe2 22. Rxe2 Qf7 23. Qf5 g6 24. Qc8+ Kg7 25. Qa6 c6 26. Qa3 Re8
27. Rxe8 Nxe8 28. Qa4 b5 29. Qa5 Qe7 30. Nf3 Qc7 31. Qc3 Kf7 32. Qb3+ Kg7 33.
Qe3 Nf6 34. Ne1 a5 35. Nd3 Nd5 36. Nf4 Nxf4 37. Qxf4 Qe7 38. Qe3 Qf7 39. Qc3 Qf6
40. Qxc6 Qxd4 41. Qc3 Qxc3 42. bxc3 Kf6 43. Kf1 Ke5 44. Ke1 Ke4 45. Ke2 h5 46.
h4 d5 47. g3 d4 48. cxd4 Kxd4 49. Kd2 b4 50. f4 a4 51. g4 b3 52. a3 Ke4 53. f5
gxf5 54. g5 f4 55. g6 b2 56. Kc2 f3 57. g7 f2 58. g8=Q b1=Q+ 59. Kxb1 f1=Q+ 60.
Kb2 Qf2+ 61. Kc3 Qd4+ 62. Kc2 Qc5+ 63. Kd2 {Game drawn by mutual agreement}
1/2-1/2

[Event "Team 45 45 League T83"]
[Site "Internet Chess Club"]
[Date "2020.02.03"]
[Round "5"]
[White "Just-Jim"]
[Black "seldredg"]
[Result "1-0"]
[WhiteElo "1343"]
[BlackElo "1266"]
[Opening "Pirc defense"]
[ECO "B07"]
[Time "11:30:29"]
[TimeControl "2700+45"]

1. d4 d6 2. e4 Nf6 3. Nc3 Nbd7 4. h3 e5 5. d5 Be7 6. Be2 a5 7. a4 h6 8. Nf3 b6
9. O-O Nf8 10. Nh2 Ba6 11. f4 Bxe2 12. Qxe2 g6 13. fxe5 dxe5 14. Ng4 Nxg4 15.
Qxg4 Bc5+ 16. Kh1 Rh7 17. Qf3 Qe7 18. Nb5 g5 19. Qf6 O-O-O 20. Qc6 Kb8 21. c3
Qd7 22. Qf6 Qe7 23. d6 cxd6 24. Qxe7 Rd7 25. Qxf8+ Kb7 26. Qg8 f6 27. Qd5+ Kb8
28. Rxf6 Rd8 29. Rf7 Rxf7 30. Qxf7 {Black resigns} 1-0

[Event "Team 45 45 League T83"]
[Site "Internet Chess Club"]
[Date "2020.02.03"]
[Round "5"]
[White "Rybo88"]
[Black "clarinetref"]
[Result "1/2-1/2"]
[WhiteElo "1508"]
[BlackElo "1482"]
[Opening "Robatsch defense: two knights variation"]
[ECO "B06"]
[Time "11:04:25"]
[TimeControl "2700+45"]

1. e4 g6 2. d4 Bg7 3. Nf3 d6 4. Nc3 Bg4 5. Be3 Nf6 6. Bd3 Nbd7 7. Qd2 e5 8. dxe5
dxe5 9. h3 Bxf3 10. gxf3 Qe7 11. Nb5 Nc5 12. Bc4 a6 13. Nc3 Ne6 14. O-O-O Rd8
15. Qe2 Rxd1+ 16. Rxd1 Nf4 17. Qf1 O-O 18. Nd5 N6xd5 19. Bxd5 c6 20. Bb3 Rd8 21.
Bxf4 Rxd1+ 22. Qxd1 exf4 23. Qg1 Qe5 24. c3 Qh5 25. Qg4 Qxg4 26. fxg4 g5 27. f3
Kf8 28. Kd2 Ke7 {Game drawn by mutual agreement} 1/2-1/2

[Event "Team 45 45 League T83"]
[Site "Internet Chess Club"]
[Date "2020.02.01"]
[Round "5"]
[White "sdcohle"]
[Black "chesskix"]
[Result "1/2-1/2"]
[WhiteElo "1358"]
[BlackElo "1320"]
[Opening "Van't Kruijs opening"]
[ECO "A00"]
[Time "21:03:22"]
[TimeControl "2700+45"]

1. e3 Nf6 2. f4 d5 3. Nf3 Bg4 4. d4 e6 5. Bd3 Nbd7 6. O-O Be7 7. Nbd2 c5 8. c3
c4 9. Bc2 b5 10. a3 a6 11. b3 Nb6 12. Qe1 Bf5 13. Bxf5 exf5 14. Ne5 Qd6 15. Qe2
g6 16. bxc4 Nxc4 17. Ndxc4 dxc4 18. Qf3 Ne4 19. Qe2 Rc8 20. Bb2 f6 21. Nf3 O-O
22. Nd2 Qd5 23. Qf3 Rcd8 24. Nxe4 fxe4 25. Qh3 f5 26. Kh1 Rf7 27. Rg1 Ra8 28. g4
a5 29. g5 Bf8 30. Qg2 a4 31. h4 Rg7 32. Qh3 Qf7 33. Rg2 Rd8 34. Rh2 Rd5 35. Rg1
Be7 36. h5 gxh5 37. Qxh5 Qxh5 38. Rxh5 Rd6 39. Rg2 Rdg6 40. Rgh2 Bf8 41. Bc1 Rb7
42. Bb2 {Game drawn by mutual agreement} 1/2-1/2

[Event "Team 45 45 League T83"]
[Site "Internet Chess Club"]
[Date "2020.02.03"]
[Round "5"]
[White "OGO"]
[Black "PsyMar"]
[Result "1-0"]
[WhiteElo "1256"]
[BlackElo "1177"]
[Opening "QGD Slav defense"]
[ECO "D10"]
[Time "12:00:24"]
[TimeControl "2700+45"]

1. d4 d5 2. c4 c6 3. Nc3 Nf6 4. e3 e6 5. Bd3 c5 6. Nge2 Nc6 7. O-O dxc4 8. Bxc4
cxd4 9. Nxd4 Qb6 10. Nxc6 Qxc6 11. Bb5 {Black resigns} 1-0

[Event "Team 45 45 League T83"]
[Site "Internet Chess Club"]
[Date "2020.02.02"]
[Round "5"]
[White "gregorgg"]
[Black "kingsrook"]
[Result "0-1"]
[WhiteElo "1213"]
[BlackElo "1229"]
[Opening "Queen's bishop game"]
[ECO "D00"]
[Time "15:04:37"]
[TimeControl "2700+45"]

1. d4 d5 2. Bf4 Nf6 3. Nf3 c5 4. c3 Nc6 5. e3 e6 6. Bd3 Qb6 7. Qe2 c4 8. Bxc4
dxc4 9. O-O Be7 10. Qc2 O-O 11. h3 Rd8 12. Nbd2 Qa6 13. a4 Bd6 14. Bxd6 Rxd6 15.
e4 Rd8 16. e5 Ne8 17. Ng5 g6 18. Qe4 Ng7 19. Qh4 h5 20. Qf4 Nf5 21. Nde4 Nce7
22. Nf6+ Kg7 23. g4 hxg4 24. hxg4 Nh6 25. Kg2 Qc6+ 26. Nge4 b6 27. Rh1 Rh8 28.
g5 Nhg8 29. Rxh8 Kxh8 30. Qh4+ Kg7 31. Kg3 Nf5+ 32. Kg4 Nxh4 33. Kxh4 Bb7 34. f3
Ne7 35. Rh1 Rh8+ {White resigns} 0-1